 Dungeon Crawl Stone Soup version 0.17-a0-1123-g6d3914c (webtiles) character file.

70 Rox360 the Conjurer (level 3, 0/27 HPs)
             Began as a Demigod Conjurer on May 24, 2015.
             Slain by a worm (11 damage)
             ... on level 2 of the Dungeon.
             The game lasted 00:08:04 (1770 turns).

Rox360 the Conjurer (Demigod Conjurer)              Turns: 1770, Time: 00:08:05

Health: 0/27       AC:  2    Str: 11    XL:     3   Next: 77%
Magic:  7/9        EV:  8    Int: 21    God:
Gold:   60         SH:  0    Dex: 16    Spells: 1 memorised, 5 levels left

rFire  . . .     SeeInvis .     (no weapon)
rCold  . . .     Clarity  .     a - +0 robe
rNeg   . . .     SustAt   +     (no shield)
rPois  .         Gourm    .     (no helmet)
rElec  .         Spirit   .     (no cloak)
rCorr  .         Warding  .     (no gloves)
rMut   .         Stasis   .     (no boots)
MR     .....                    (no amulet)
Stlth  ++........               (no ring)
                                l - ring of flight

@: not resistant to hostile enchantments, unstealthy
A: high mp 1, sustain attributes
a: Evoke Flight


You were on level 2 of the Dungeon.
You were very hungry.

You visited 1 branch of the dungeon, and saw 2 of its levels.

You collected 60 gold pieces.

Inventory:

Armour
 a - a +0 robe (worn)
Jewellery
 l - a ring of flight (left hand)
Scrolls
 e - 2 scrolls of remove curse {unknown}
 f - 2 scrolls of blinking {unknown}
 i - 4 scrolls of identify {unknown}
 o - a scroll of enchant weapon {unknown}
 p - a scroll of teleportation {unknown}
 q - a scroll of amnesia {unknown}
Potions
 d - 2 potions of flight {unknown}
 g - a potion of agility {unknown}
 j - a potion of ambrosia {unknown}
 k - a potion of curing {unknown}
 n - 2 potions of haste {unknown}
Books
 b - a book of Conjurations

   Spells                             Type                      Level
   a - Magic Dart                     Conjuration                  1
   b - Searing Ray                    Conjuration                  2
   c - Dazzling Spray                 Conjuration/Hexes            3
   d - Fulminant Prism                Conjuration/Hexes            4
   e - Iskenderun's Mystic Blast      Conjuration                  4
   f - Iskenderun's Battlesphere      Conjuration/Charms           5
Comestibles
 c - a bread ration
 h - a slice of pizza
 m - a meat ration
 r - a beef jerky


   Skills:
 + Level 0.3 Fighting
 + Level 2.2 Dodging
 + Level 2.1 Stealth
 + Level 2.2 Spellcasting
 + Level 4.3 Conjurations


You had 5 spell levels left.
You knew the following spells:

 Your Spells              Type           Power        Failure   Level  Hunger
a - Magic Dart            Conj           ###.         2%          1    #......


Dungeon Overview and Level Annotations

Branches:
Dungeon (2/15)


Innate Abilities, Weirdness & Mutations

You have an increased reservoir of magic (+10% MP).
Your attributes are resistant to harm.


Message History

There is a stone staircase leading down here.
You climb downwards.
The worm bites you!
There is a stone staircase leading up here.
Casting: Magic Dart
Confirm with . or Enter, or press ? or * to list all spells.
Aiming: Magic Dart
Press: ? - help, Shift-Dir - straight line, f - worm
Aim: a worm The magic dart hits the worm.
The worm is lightly wounded.
The worm bites you!
Casting: Magic Dart
Confirm with . or Enter, or press ? or * to list all spells.
Aiming: Magic Dart
Press: ? - help, Shift-Dir - straight line, f/p - worm
Aim: a worm The magic dart hits the worm.
The worm is moderately wounded.
The worm bites you!
You die...

#. #.#
########.# .
........#
..........#
#.#....#.#
#......#.#
#......#.#
#.#.#.##.#
#....@w..#
#.....#..#
##..#.#..#
.....#.#..#
####.#.#w.#
#........#
#.#.#.##.#######
#.#.#.#........#
#.#.#.#..####.##


You could see a worm.

Vanquished Creatures
  4 adders (D:2)
  2 giant geckos
  A ball python (D:1)
  2 giant cockroaches
  4 goblins
  4 hobgoblins (D:1)
  5 bats
  2 giant newts
  2 jackals (D:2)
  2 kobolds (D:1)
  6 rats
34 creatures vanquished.

Vanquished Creatures (others)
  A goblin (D:1)
1 creature vanquished.

Grand Total: 35 creatures vanquished

Notes
Turn   | Place    | Note
--------------------------------------------------------------
     0 | D:1      | Rox360 the Demigod Conjurer began the quest for the Orb.
     0 | D:1      | Reached XP level 1. HP: 14/14 MP: 5/5
   142 | D:1      | Found a shattered altar of Ashenzari.
   273 | D:1      | Reached skill level 4 in Conjurations
   273 | D:1      | Reached XP level 2. HP: 18/20 MP: 4/7
   977 | D:2      | Reached XP level 3. HP: 25/27 MP: 6/8
  1770 | D:2      | Slain by a worm

Vault maps used:
D:1:      shiori_arrival_elements, evilmike_ruin_ashenzari

Action                   || total
-------------------------++-------
Melee: Unarmed           ||    21
 Cast: Magic Dart        ||    72
  Eat: Chunk             ||     2
